 Dungeon Crawl Stone Soup version 0.29.1-4-g47bece8355 (webtiles) character file.

Game seed: 16876369575536474292

45 hawla the Chiller (level 4, -3/33 HPs)
             Began as a Meteoran Ice Elementalist on Dec 10, 2022.
             Slain by a black bear (4 damage)
             ... on level 4 of the Dungeon.
             The game lasted 00:02:00 (115 turns).

hawla the Chiller (Meteoran Ice Elementalist)        Turns: 115, Time: 00:02:01

Health: -3/33      AC:  2    Str: 10    XL:     4   Next: 12%
Magic:  1/10       EV: 12    Int: 18    God:
Gold:   0          SH:  0    Dex: 14    Spells: 6/10 levels left

rFire   . . .      SeeInvis .   (no weapon)
rCold   . . .      Faith    .   (no shield)
rNeg    . . .      Spirit   .   a - +0 robe
rPois   .          Reflect  .   (no helmet)
rElec   .          Harm     .   (no cloak)
rCorr   .          Rampage  .   (no gloves)
Will    .....                   (no boots)
Stlth   +.........              (no amulet)
HPRegen 0.11/turn               (no ring)
MPRegen 0.12/turn               (no ring)

@: freezing walls, glowing
A: sense surroundings 1, otherworldly, glowing, explore regen
a: no special abilities


You were on level 4 of the Dungeon.
You visited 1 branch of the dungeon, and saw 4 of its levels.

Inventory:

Armour
 a - a +0 robe (worn)
Potions
 b - a potion of magic
 c - a potion of curing {unknown}
 e - a potion of lignification {unknown}


   Skills:
 + Level 2.6 Dodging
 - Level 1.4 Stealth
 + Level 3.7 Spellcasting
 + Level 5.1 Ice Magic


You had 6 spell levels left.
You knew the following spells:

 Your Spells              Type           Power      Damage    Failure   Level
a - Freeze                Ice            84%        1d10      1%          1
b - Frozen Ramparts       Ice            42%        1d7       5%          3

Your spell library contained the following spells:

 Spells                   Type           Power      Damage    Failure   Level
 Ozocubu's Armour         Ice            21%        N/A       5%          3
 Sandblast                Erth           6%         2d5       16%         1
 Passwall                 Tmut/Erth      2%         N/A       22%         2
 Stone Arrow              Conj/Erth      6%         3d7       41%         3
 Hailstorm                Conj/Ice       12%        3d5       45%         4


Dungeon Overview and Level Annotations

Branches:
Dungeon (4/15) Zot: 2284
 Temple: D:4-7

Altars:
Sif Muna


Innate Abilities, Weirdness & Mutations

You passively map a small area around you.
You are easily found by Zot.
You glow in the dark.
You regain HP and MP as you explore.


Message History

You open the door.
A black bear comes into view.
The black bear growls angrily.
There is an open door here.
Casting: Freeze (safe; 1% risk of failure)
Confirm with . or Enter, or press ? or * to list all spells.
Casting: Frozen Ramparts (dangerous; 5% risk of failure)
Press: ? - help, Dir - look around, f - activate An open door.
The walls around you are covered in ice.
The wall freezes the gnoll.
The gnoll hits you with a +0 flail!
Unknown command.
Casting: Frozen Ramparts (dangerous; 5% risk of failure)
Confirm with . or Enter, or press ? or * to list all spells.
Aiming: Freeze (safe; 1% risk of failure)
Press: ? - help, Shift-Dir - straight line, f - black bear
Aim: a black bear You freeze the black bear.
The black bear is lightly wounded.
The wall freezes the gnoll.
The gnoll hits you with a +0 flail.
The wall freezes the black bear.
The black bear closely misses you. The black bear claws you. x2
As you read the scroll labelled OGUCZU OFFUTZE, it crumbles to dust.
You feel aware of your surroundings.
You sensed 1 altar.
It was a scroll of magic mapping.
The wall freezes the gnoll.
The wall freezes the black bear.
The black bear bites you.
* * * LOW HITPOINT WARNING * * *
The black bear claws you but does no damage.
The black bear barely misses you.
The wall freezes the gnoll.
The gnoll barely misses you.
You hit the black bear.
The black bear is moderately wounded.
The wall freezes the gnoll.
You kill the gnoll!
The wall freezes the black bear!
The black bear bites you.
* * * LOW HITPOINT WARNING * * *
The black bear claws you.
* * * LOW HITPOINT WARNING * * *
The black bear claws you.
You die...

*,,,,,,***,*,*,,,....,§§.....,,*
**,,,,,* *,**,***##.##§≈≈≈§≈≈~,*
*,**,** *,**** #...<$......,,,
*,**** ##+#* #..##.≈.§≈≈.~,, *
*,* *#...#* #..##†≈.....~,, ***,*
**.....#* #...).≈.._..~,,
*,*,****>......#* #.#.#.≈.....~,,
,,,,,**,,.......###.....≈§§≈≈.~,,
*,,*,,+,,......h@)g.......$§..,,,
,,,,,**,,.......###.....≈§≈§≈≈~,,
*,*****,,......#* ###......§..,,,
*****,*~~~.~~.#* #.###§###.**,
****,~~,~~.~~≈* #.# *.# *,**,
*,,,~~,~*.~+#** *.#**,* *,**,
,,,,,~~~~≈,*~~* *,,,,,* *,**,
*,,,**~,~*~~~,*********,*** *,,,,
**,,~~~*~,~,,~,,,,,,,**,* ****,


You could see a black bear and a gnoll.

Vanquished Creatures
  An iguana (D:4)
  2 gnolls (D:4)
  An orc (D:3)
  A bat (D:1)
  2 goblins (D:2)
  2 hobgoblins
  A rat (D:3)
10 creatures vanquished.

Notes
Turn   | Place    | Note
-------+----------+-------------------------------------------
     0 | D:1      | hawla the Meteoran Ice Elementalist began the quest for the
                  | Orb.
     0 | D:1      | Reached XP level 1. HP: 14/14 MP: 5/5
    26 | D:2      | Reached XP level 2. HP: 18/20 MP: 1/6
    31 | D:2      | You fall into a shaft and drop 1 floor!
    79 | D:4      | Found a shimmering blue altar of Sif Muna.
    88 | D:4      | Reached skill level 5 in Ice Magic
    88 | D:4      | Reached XP level 3. HP: 25/26 MP: 3/8
    92 | D:4      | Learned a level 3 spell: Frozen Ramparts
    99 | D:4      | Reached XP level 4. HP: 32/33 MP: 0/10
   110 | D:4      | Noticed a black bear
   115 | D:4      | HP: 1/33 [black bear (2)]
   115 | D:4      | Slain by a black bear

Illustrated notes

Levels and vault maps discovered:
D:1:      ebering_hopf_link, layout_basic, chequers_ecumenical_altar_simple,
          kennysheep_nondescript
D:2:      layout_rooms, minmay_pentomino_t2
D:3:      layout_rooms, mainiacjoe_overflow_big_doors
D:4:      layout_loops_corners, lemuel_tele_altar,
          mainiacjoe_overflow_cross_hatched, serial_rivers,
          chequers_serial_rivers_small_3, chequers_serial_rivers_large_a,
          chequers_serial_rivers_marsh, chequers_serial_rivers_micro_c,
          uniq_natasha, uniq_robin

Skill      XL: |  1  2 |
---------------+-------+-----
Spellcasting   | 3 |  3.7
Ice Magic      | 5 |  5.1
Dodging        | |  2.6
Stealth        | |  1.4

Action                   |  1- 3 |  4- 6 || total
-------------------------+-------+-------++-------
Melee: Unarmed           |     3 |     1 ||     4
 Cast: Freeze            |    15 |     1 ||    16
       Frozen Ramparts   |     1 |     1 ||     2
  Use: Scroll            |       |     1 ||     1
Armor: Robe              |     5 |     1 ||     6
Dodge: Dodged            |     6 |     3 ||     9
